 Dungeon Crawl Stone Soup version 0.26.1-10-gdfb7c7de75 (webtiles) character file.

Game seed: 16212844779485444830

285 infcreate the Sneak (level 6, -2/34 HPs)
             Began as a Vampire Enchanter on Apr 5, 2021.
             Slain by an ogre
             ... wielding a +0 giant spiked club
              (36 damage)
             ... on level 4 of the Dungeon.
             The game lasted 00:21:09 (5218 turns).

infcreate the Sneak (Vampire Enchanter)             Turns: 5218, Time: 00:21:10

Health: -2/34      AC:  5    Str:  7    XL:     6   Next: 7%
Magic:  3/9        EV: 14    Int: 18    God:
Gold:   122        SH:  0    Dex: 16    Spells: 1/10 levels left

rFire    . . .     SeeInvis +   a - +1 dagger
rCold    + + .     Faith    .   (no shield)
rNeg     + + +     Spirit   .   b - +0 robe
rPois    ∞         Reflect  .   m - +0 helmet
rElec    .         Harm     .   e - +0 cloak
rCorr    .         Rampage  .   (no gloves)
Will     .....                  k - +0 pair of boots
Stlth    +++++.....             (no amulet)
HPRegen  0.00/turn              (no ring)
MPRegen  0.11/turn              (no ring)

@: confusing touch, bloodless
A: fangs 3, see invisible, unbreathing
a: Bat Form, Revivify


You were on level 4 of the Dungeon.
You visited 1 branch of the dungeon, and saw 4 of its levels.

You collected 122 gold pieces.


Innate Abilities, Weirdness & Mutations

You do not regenerate when monsters are visible.
You are frail without blood (-20% HP).
You can heal yourself when you bite living creatures.
You are immune to poison.
You have razor-sharp teeth.
You have supernaturally acute eyesight. (SInv)
You can survive without breathing.


   Skills:
 + Level 1.4 Fighting
 * Level 3.0 Short Blades
 * Level 3.5 Dodging
 * Level 6.2 Stealth
 + Level 2.6 Spellcasting
 * Level 5.9 Hexes


You had one spell level left.
You knew the following spells:

 Your Spells              Type           Power        Failure   Level
c - Corona                Hex            25%          1%          1
d - Tukima's Dance        Hex            23%          4%          3
e - Ensorcelled Hibernat  Hex/Ice        26%          8%          2
t - Confusing Touch       Hex            23%          4%          3

Your spell library contained the following spells:

 Spells                   Type           Power        Failure   Level
 Dazzling Flash           Conj/Hex       26%          16%         3

Inventory:

Hand Weapons
 a - a +1 dagger (weapon)
Armour
 b - a +0 robe (worn)
 e - a +0 cloak (worn)
 k - a +0 pair of boots (worn)
 m - a +0 helmet (worn)
Scrolls
 c - a scroll of fog {unknown}
 d - 3 scrolls of remove curse {@r2}
 f - a scroll of magic mapping
 g - a scroll of blinking {unknown}
 l - 3 scrolls of identify {@r1}
 o - a scroll of noise {unknown}
Potions
 h - 2 potions of curing {@q1}
 i - 3 potions of haste {@q3}
 j - a potion of lignification {unknown}
 n - a potion of mutation {unknown}
 p - a potion of might {unknown}

Dungeon Overview and Level Annotations

Branches:
Dungeon (4/15)
 Temple: D:4-7

Altars:
Kikubaaqudgha
Okawaru
Trog

Annotations:
D:4 Eustachio ......s.....# ............# ............# ............# ♣######.##### #.# #.## ≈≈≈ #.O## ≈≈≈ ♣≈@≈♣ P≈P

♣♣## ♣≈≈♣♣ P≈♣♣..
♣♣≈♣♣ ♣≈♣.. ♣P≈≈♣
♣≈..♣♣♣♣♣.≈.♣
#...≈♣♣P.≈.≈♣♣♣♣♣##
#####..≈.≈≈≈≈≈≈≈≈≈..#
#.....PP♣♣≈≈≈≈P♣♣PP.#
#.####♣♣♣♣♣.≈♣♣♣♣♣♣.#


You could see an ogre.


Message History

Moving in this stuff is going to be slow.
You enter the shallow water.
Moving in this stuff is going to be slow.
You enter the shallow water.
Moving in this stuff is going to be slow.
You enter the shallow water.
Moving in this stuff is going to be slow.
An ogre comes into view. It is wielding a +0 giant spiked club.
A scorpion comes into view.
Found a hand axe.
Casting: Ensorcelled Hibernation (safe; 8% risk of failure)
Confirm with . or Enter, or press ? or * to list all spells.
Aiming: Ensorcelled Hibernation (safe; 8% risk of failure)
Press: ? - help, Shift-Dir - straight line, f - scorpion
Aim: a scorpion (chance to affect: 44%)
The scorpion looks drowsy...
The ogre shouts!
Casting: Ensorcelled Hibernation (safe; 8% risk of failure)
Confirm with . or Enter, or press ? or * to list all spells.
Aiming: Ensorcelled Hibernation (safe; 8% risk of failure)
Press: ? - help, Shift-Dir - straight line, f - ogre
Aim: an ogre, wielding a +0 giant spiked club (chance to affect: 44%)
The ogre resists with some effort.
Casting: Ensorcelled Hibernation (safe; 8% risk of failure)
Confirm with . or Enter, or press ? or * to list all spells.
Your hands begin to glow red.
You hit the ogre but do no damage. You bite the ogre, but do no damage.
The ogre hits you with a +0 giant spiked club!!!
Ouch! That really hurt!
You die...

Skill      XL: |  1  2  3  4  5 |
---------------+----------------+-----
Stealth        | 5 6 |  6.2
Short Blades   | 2 3 |  3.0
Hexes          | 5 |  5.9
Fighting       | 1 |  1.4
Dodging        | 3 |  3.5
Spellcasting   | |  2.6

Action                   |  1- 3 |  4- 6 || total
-------------------------+-------+-------++-------
Melee: Dagger            |   118 |   199 ||   317
       Bite              |     7 |    11 ||    18
 Cast: Corona            |    15 |    16 ||    31
       Ensorcelled Hiber |    20 |    49 ||    69
       Confusing Touch   |       |     7 ||     7
 Abil: Exsanguinate      |     1 |       ||     1
  Use: Scroll            |     1 |     3 ||     4
 Stab: Sleeping          |    26 |    38 ||    64
       Confused          |       |     4 ||     4
Armor: Robe              |    24 |    45 ||    69
Dodge: Dodged            |    66 |   117 ||   183

Levels and vault maps discovered:
D:1:      psy_arrival_terrarium, layout_basic, serial_forest,
          infiniplex_forest_clump_double, infiniplex_forest_fountain,
          infiniplex_forest_clump_medium, infiniplex_forest_clump_small,
          infiniplex_forest_lined_ring, st_stairs_9, grunt_decor_clamped,
          minmay_misc_feat_hallway
D:2:      layout_basic, overflow_temple_1_default, bloody_trog,
          chequers_ecumenical_altar_island, okawaru_metal_pillars_1_2,
          uniq_robin, uniq_natasha
D:3:      layout_basic, minmay_misc_feat_more_columns
D:4:      layout_basic, fedhas_altar_2, overflow_temple_1_default, serial_bayou,
          serial_bayou_lake_a, serial_bayou_crossing, serial_bayou_pond_d,
          serial_bayou_pond_c, chequers_serial_rivers_micro_a, uniq_eustachio,
          uniq_sigmund

Notes
Turn   | Place    | Note
-------+----------+-------------------------------------------
     0 | D:1      | infcreate the Vampire Enchanter began the quest for the
                  | Orb.
     0 | D:1      | Reached XP level 1. HP: 13/13 MP: 3/3
   364 | D:1      | Reached XP level 2. HP: 15/15 MP: 5/5
   652 | D:1      | Learned a level 2 spell: Ensorcelled Hibernation
   970 | D:1      | Reached XP level 3. HP: 20/20 MP: 6/6
  1433 | D:1      | Reached skill level 5 in Stealth
  1595 | D:2      | Reached skill level 2 in Short Blades
  1771 | D:2      | Found a faded altar of an unknown god.
  1783 | D:2      | Reached skill level 5 in Hexes
  2016 | D:2      | Reached XP level 4. HP: 19/24 MP: 3/7
  2283 | D:2      | Noticed Robin
  2575 | D:2      | Learned a level 3 spell: Confusing Touch
  2608 | D:2      | Reached skill level 1 in Fighting
  2775 | D:2      | Found a bloodstained altar of Trog.
  2815 | D:2      | Found an iron altar of Okawaru.
  2981 | D:2      | Noticed Natasha
  3013 | D:2      | Found an ancient bone altar of Kikubaaqudgha.
  3021 | D:2      | Killed Natasha
  3022 | D:2      | Reached skill level 3 in Dodging
  3176 | D:2      | Noticed Natasha
  3181 | D:2      | Killed Natasha
  3182 | D:2      | Reached XP level 5. HP: 28/29 MP: 0/8
  3331 | D:2      | Killed Robin
  3371 | D:2      | Noticed Natasha
  3939 | D:2      | Killed Natasha
  3940 | D:2      | Reached skill level 6 in Stealth
  4192 | D:3      | Learned a level 3 spell: Tukima's Dance
  4824 | D:3      | Reached skill level 3 in Short Blades
  5054 | D:4      | Reached XP level 6. HP: 34/34 MP: 9/9
  5162 | D:4      | Noticed Eustachio
  5218 | D:4      | Slain by an ogre

Vanquished Creatures
  A worker ant (D:4)
  Natasha (thrice) (D:2)
  Robin (D:2)
  5 adders
  An ooze (D:3)
  3 worms
  2 dart slugs
  2 leopard geckos
  5 orcs
  6 bats
  8 giant cockroaches
  21 goblins
  5 hobgoblins
  17 jackals
  11 kobolds
  2 quokkas
  5 frilled lizards
  8 rats
106 creatures vanquished.

Vanquished Creatures (others)
  2 plants (D:1)
2 creatures vanquished.

Grand Total: 108 creatures vanquished

Table legend: (Time is in decaauts)
 A = Elapsed time spent in this place.
 B = Non-inter-level travel time spent in this place.
 C = Inter-level travel time spent in this place.
 D = Time resting spent in this place.
 E = Time spent auto-exploring this place.
 F = Levels seen in this place.
 G = Mean time per level.
                   A        B        C        D        E       F      G
               +--------+--------+--------+--------+--------+-----+--------+
         Total |   5216 |   4476 |    740 |   1888 |      0 |   4 | 1304.0 |
       Dungeon |   5216 |   4476 |    740 |   1888 |      0 |   4 | 1304.0 |
               +--------+--------+--------+--------+--------+-----+--------+

Top non-repeatable levels by time:
     D:2: 2318 daAuts
     D:1: 1556 daAuts
     D:3: 1137 daAuts
     D:4: 202 daAuts

Table legend:
 A = Non-vault XP
 B = Vault XP
 C = Vault XP percentage of total XP
 D = Non-vault monster count
 E = Vault monster count
 F = Vault count percentage of total count
                 A         B        C        D         E       F
            +---------+---------+-------+---------+---------+-------
      Total |     337 |      71 |  17.4 |      91 |      15 |  14.2
            +---------+---------+-------+---------+---------+-------
        D:1 |      55 |       4 |   6.8 |      29 |       3 |   9.4
        D:2 |     137 |      67 |  32.8 |      33 |      12 |  26.7
        D:3 |     109 |       0 |   0.0 |      28 |       0 |   0.0
        D:4 |      36 |       0 |   0.0 |       1 |       0 |   0.0
            +---------+---------+-------+---------+---------+-------
